 Dungeon Crawl Stone Soup version 0.31-a0-234-gad7ace16ef (webtiles) character file.

Game seed: 4767940025046709245

128 qw the Shooter (level 5, -3/30 HPs)
             Began as a Gargoyle Hexslinger on July 9, 2023.
             Slain by a goblin
             ... wielding a +0 club
              (4 damage)
             ... on level 4 of the Dungeon.
             The game lasted 00:00:59 (2066 turns).

qw the Shooter (Gargoyle Hexslinger)                Turns: 2066, Time: 00:00:59

Health: -3/30      AC: 10    Str: 12    XL:     5   Next: 11%
Magic:  6/6        EV: 10    Int: 13    God:
Gold:   40         SH:  0    Dex: 14    Spells: 5/6 levels left

rFire   . . .        Y - +2 sling
rCold   . . .        (no shield)
rNeg    + . .        f - +0 ring mail
rPois   inf          (no helmet)
rElec   +            (no cloak)
rCorr   .            g - +0 pair of gloves
SInv    +            (no boots)
Will    .....        (no amulet)
Stlth   +            d - ring of see invisible
HPRegen 0.25/turn    (no ring)
MPRegen 0.10/turn

%: no passive effects
@: about to teleport
A: sickness immunity, AC +4, negative energy resistance 1, electricity
resistance, torment resistance 1, petrification resistance
a: no special abilities


You were on level 4 of the Dungeon.
You visited 1 branch of the dungeon, and saw 4 of its levels.

You collected 130 gold pieces.
You spent 90 gold pieces at shops.


Innate Abilities, Weirdness & Mutations

You are immune to sickness and miasma.
Your stone body is resilient. (AC +4)
You are immune to poison.
You resist negative energy. (rN+)
You are resistant to electric shocks. (rElec)
You are resistant to unholy torment.
You are immune to petrification.


   Skills:
 - Level 2.0 Fighting
 + Level 4.7 Ranged Weapons
 - Level 1.0 Armour
 - Level 1.5 Dodging
 - Level 1.0 Spellcasting
 - Level 2.6 Hexes


You had 5 spell levels left.
You knew the following spells:

 Your Spells              Type           Power      Damage    Failure   Level
a - Slow                  Hex            28%        N/A       22%         1

Your spell library contained the following spells:

 Spells                   Type           Power      Damage    Failure   Level
 Inner Flame              Hex/Fire       4%         N/A       73%         3
 Portal Projectile        Hex/Tloc       8%         N/A       73%         3
 Cause Fear               Hex            3%         N/A       91%         4

Inventory:

Hand Weapons
 Y - a +2 sling (weapon)
Armour
 f - a +0 ring mail (worn)
 g - a +0 pair of gloves (worn)
Jewellery
 d - a ring of see invisible (left hand)
Scrolls
 a - a scroll of teleportation
 c - 3 scrolls of identify
Potions
 b - 2 potions of enlightenment
 e - 2 potions of heal wounds {unknown}
 h - a potion of resistance {unknown}
 i - a potion of might {unknown}
 j - a potion of attraction {unknown}
 k - a potion of degeneration {unknown}
 l - a potion of curing {unknown}

Dungeon Overview and Level Annotations

Branches:
Dungeon (4/15)
 Temple: D:4-7

Altars:
Fedhas
Nemelex Xobeh
Wu Jian

Shops:
D:3 *

Annotations:
D:4 Pikel


Message History

The sling bullet hits the lemure.
The lemure is lightly wounded.
The lemure completely misses you. The lemure hits you but does no damage.
The goblin hits you but does no damage.
You shoot a sling bullet. The sling bullet hits the lemure.
The lemure is severely wounded.
The goblin closely misses you.
The lemure hits you but does no damage. x3
The lemure completely misses you. The goblin hits you with a +0 club.
You shoot a sling bullet.
The sling bullet barely misses the lemure.
The sling bullet hits the endoplasm.
The endoplasm is heavily wounded.
The lemure hits you.
The lemure hits you but does no damage. x2
The goblin barely misses you.
You shoot a sling bullet. The sling bullet hits the lemure.
The lemure is severely wounded.
The lemure hits you but does no damage. x2; The lemure hits you.
The goblin hits you but does no damage.
You shoot a sling bullet. The sling bullet hits the lemure.
The lemure is almost dead.
The lemure hits you but does no damage. The lemure closely misses you.
The lemure hits you. The goblin barely misses you.
You shoot a sling bullet.
The sling bullet barely misses the lemure.
The sling bullet closely misses Pikel.
The sling bullet hits the endoplasm but does no damage.
The endoplasm is heavily wounded.
The lemure barely misses you. The lemure hits you!
The goblin hits you but does no damage. The lemure hits you. x2
The goblin hits you but does no damage.
2065 ||| READING 2 scrolls of teleportation.
As you read the scroll of teleportation, it crumbles to dust.
You feel strangely unstable. The lemure hits you but does no damage.
The lemure closely misses you. Pikel barely misses you.
The goblin hits you but does no damage.
You shoot a sling bullet. The sling bullet misses the lemure.
The lemure hits you but does no damage. The lemure barely misses you.
Pikel hits you with a +2 whip of flaming.
Pikel burns you. The goblin hits you with a +0 club.
You die...

#.###..............#..
#.......%.............
###...............#...
#..................#
###...................
...................... #
##...................
....##g.................
....J5K@....#...........
....5#55...####.........
... #...<.# #......... .
####### ##########


You could see Pikel, 4 lemures, an endoplasm and a goblin.

Vanquished Creatures
  An orc priest (D:4)
  An adder (D:3)
  2 worms (D:3)
  4 dart slugs
  2 orcs (D:4)
  7 bats
  4 endoplasms
  2 giant cockroaches
  8 goblins
  7 hobgoblins
  3 jackals (D:4)
  3 kobolds
  2 quokkas
  10 ball pythons
  7 frilled lizards
  9 rats
72 creatures vanquished.

Notes
Turn   | Place    | Note
-------+----------+-------------------------------------------
     0 | D:1      | qw the Gargoyle Hexslinger began the quest for the Orb.
     0 | D:1      | Reached XP level 1. HP: 12/12 MP: 2/2
     0 | D:1      | 0 ||| qw: Version: 0.3-a-51-g015441d
     0 | D:1      | 0 ||| qw: Game counter: 4158
     0 | D:1      | 0 ||| qw: Melee chars always use a shield: true
     0 | D:1      | 0 ||| qw: God list: Okawaru
     0 | D:1      | 0 ||| qw: Allow faded altars: false
     0 | D:1      | 0 ||| qw: Do Orc after clearing Dungeon:15 true
     0 | D:1      | 0 ||| qw: Do second Lair branch before Depths: true
     0 | D:1      | 0 ||| qw: Lair rune preference: random
     0 | D:1      | 0 ||| qw: Goals: Normal
     0 | D:1      | 0 ||| PLANNING D:1-11
   198 | D:1      | Reached XP level 2. HP: 16/16 MP: 3/3
   267 | D:1      | Reached skill level 3 in Ranged Weapons
   454 | D:1      | Reached XP level 3. HP: 21/21 MP: 4/4
   508 | D:1      | Found a faded altar of an unknown god.
   826 | D:1      | 826 ||| UPGRADING to +0 ring mail.
   836 | D:1      | 836 ||| DROPPING +0 robe.
   837 | D:1      | 837 ||| UPGRADING to +0 pair of gloves.
   842 | D:1      | 842 ||| READING 2 scrolls labelled BUIQOE TAOBLUCW.
   846 | D:1      | 846 ||| READING scroll labelled PYRE EREOLESO.
   847 | D:1      | 847 ||| READING scroll labelled DYICWUNTEOCS.
   848 | D:1      | 848 ||| DROPPING scroll of poison.
  1010 | D:2      | Reached skill level 1 in Armour
  1353 | D:2      | 1353 ||| UPGRADING to ring of see invisible.
  1354 | D:2      | 1354 ||| READING scroll labelled ALESTI SE HAMMARE.
  1355 | D:2      | 1355 ||| DRINKING 3 pink potions.
  1403 | D:3      | Reached XP level 4. HP: 25/26 MP: 5/5
  1509 | D:3      | Reached skill level 4 in Ranged Weapons
  1544 | D:3      | Found a sparkling altar of Nemelex Xobeh.
  1545 | D:3      | Found an ornate altar of the Wu Jian Council.
  1546 | D:3      | Found a blossoming altar of Fedhas.
  1657 | D:3      | Found Eserem's General Store.
  1660 | D:3      | 1660 ||| BUYING scroll of enchant weapon (90 gold).
  1660 | D:3      | Bought a scroll of enchant weapon for 90 gold pieces
  1660 | D:3      | 1660 ||| SHOPLISTING scroll of enchant weapon (90 gold,
                  | have 28).
  1660 | D:3      | 1660 ||| SHOPLISTING scroll of teleportation (36 gold, have
                  | 28).
  1660 | D:3      | 1660 ||| READING scroll of enchant weapon.
  1660 | D:3      | 1660 ||| ENCHANTING +1 sling.
  1896 | D:4      | Reached XP level 5. HP: 16/30 MP: 6/6
  2051 | D:4      | Noticed a lemure
  2051 | D:4      | Noticed a lemure
  2054 | D:4      | Noticed a lemure
  2056 | D:4      | Noticed Pikel
  2058 | D:4      | Noticed a lemure
  2064 | D:4      | HP: 7/30 [lemure[Pikel] (8)]
  2065 | D:4      | 2065 ||| READING 2 scrolls of teleportation.
  2066 | D:4      | HP: 2/30 [Pikel/+2 whip of flaming (3)]
  2066 | D:4      | Slain by a goblin

Levels and vault maps discovered:
D:1:      dpeg_arrival_water_temple_mockup, layout_basic,
          shapermc_ecumenical_altar_rom_forum, minmay_tromino_i2
D:2:      layout_loops_ring
D:3:      layout_rooms, chequers_temple_overflow_statue_of_worship,
          serial_shops, nicolae_shop_behind_doors, minivault_14
D:4:      layout_rooms, st_stairs_5, minmay_ogre_servants, uniq_pikel

Skill      XL: |  1  2  3  4 |
---------------+-------------+-----
Ranged Weapons | 3 4 |  4.7
Fighting       | 2 |  2.0
Armour         | 1 |  1.0
Dodging        | |  1.5
Spellcasting   | |  1.0
Hexes          | |  2.6

Action                     |  1- 3 |  4- 6 || total
---------------------------+-------+-------++-------
   Fire: Sling             |   147 |    73 ||   220
    Use: Scroll            |     4 |     2 ||     6
         Potion            |     1 |       ||     1
 Armour: Robe              |     6 |       ||     6
         Ring mail         |    10 |    32 ||    42
  Dodge: Dodged            |    35 |    27 ||    62

Table legend:
 A = Non-vault XP
 B = Vault XP
 C = Vault XP percentage of total XP
 D = Non-vault monster count
 E = Vault monster count
 F = Vault count percentage of total count
                 A         B        C        D         E       F
            +---------+---------+-------+---------+---------+-------
      Total |     181 |       2 |   1.1 |      71 |       1 |   1.4
            +---------+---------+-------+---------+---------+-------
        D:1 |      44 |       2 |   4.3 |      28 |       1 |   3.4
        D:2 |      31 |       0 |   0.0 |      19 |       0 |   0.0
        D:3 |      50 |       0 |   0.0 |      16 |       0 |   0.0
        D:4 |      56 |       0 |   0.0 |       8 |       0 |   0.0
            +---------+---------+-------+---------+---------+-------
